 Dungeon Crawl Stone Soup version 0.18-a0-1123-gbd92598 (webtiles) character file.

25 ThermosAquaticus the Chopper (level 3, -7/29 HPs)
             Began as a Formicid Abyssal Knight on Jan 19, 2016.
             Was a Follower of Lugonu.
             Mangled by a gnoll
             ... wielding a cursed +0 halberd
              (12 damage)
             ... on level 1 of the Dungeon.
             The game lasted 00:03:04 (1088 turns).

ThermosAquaticus the Chopper (FoAK)                 Turns: 1088, Time: 00:03:04

Health: -7/29      AC:  4    Str: 17    XL:     3   Next: 20%
Magic:  4/4        EV: 11    Int: 11    God:    Lugonu [*.....]
Gold:   94         SH:  0    Dex: 10    Spells: 0 memorised, 2 levels left

rFire  . . .     SeeInvis +     a - +1 hand axe
rCold  . . .     Gourm    .     n - +0 leather armour (curse)
rNeg   . . .     Faith    .     (no shield)
rPois  .         Spirit   .     (helmet unavailable)
rElec  .         Dismiss  .     (no cloak)
rCorr  .         Reflect  .     i - +0 pair of gloves (curse)
SustAt .         Harm     .     (no boots)
MR     .....                    (no amulet)
Stlth  +.........               (no ring)
                                (no ring)

@: not resistant to hostile enchantments, very unstealthy
A: permanent stasis, dig shafts and tunnels, four strong arms, antennae 3
a: Dig, Shaft Self, Depart the Abyss, Renounce Religion


You were on level 1 of the Dungeon.
You worshipped Lugonu.
Lugonu was aware of your devotion.
You were not hungry.

You visited 1 branch of the dungeon, and saw 1 of its levels.
You visited the Abyss 1 time.

You collected 94 gold pieces.

Inventory:

Hand Weapons
 a - a +1 hand axe (weapon)
Missiles
 f - 23 stones (quivered)
 g - 5 poisoned needles
Armour
 b - a +0 leather armour
 d - a +0 ring mail
 i - a cursed +0 pair of gloves (worn)
 n - a cursed +0 leather armour (worn)
Jewellery
 k - a cursed ring of loudness {unknown}
Scrolls
 e - a scroll of amnesia {unknown}
 h - 2 scrolls of identify {unknown}
 p - a scroll of enchant weapon {unknown}
Comestibles
 c - a bread ration
 j - 3 fruits
 l - 2 chunks of flesh
 m - a beef jerky
 o - a royal jelly


   Skills:
 - Level 3.2 Fighting
 + Level 3.4 Axes
 - Level 2.1 Armour
 - Level 0.8 Dodging
 - Level 2.1 Invocations


You had 2 spell levels left.
You didn't know any spells.

Dungeon Overview and Level Annotations

Branches:
Dungeon (1/15)

Altars:


Innate Abilities, Weirdness & Mutations

You are under a permanent stasis effect.
You can dig through walls and to a lower floor.
Your four strong arms can wield two-handed weapons with a shield.
You have a pair of large antennae on your head (SInv).


Message History

You miss the kobold. The kobold hits you.
The gnoll hits you from afar with a halberd.
You slash the kobold!
You kill the kobold!
Lugonu accepts your kill.
The gnoll hits you from afar with a halberd.
You see here a kobold corpse.
You hit the gnoll.
The gnoll is moderately wounded.
The gnoll hits you with a halberd.
You hit the gnoll.
The gnoll is heavily wounded.
The gnoll hits you with a halberd!
* * * LOW HITPOINT WARNING * * *
You aren't carrying any potions.
Unknown command.
You hit the gnoll but do no damage.
The gnoll is heavily wounded.
The gnoll hits you with a halberd!
You die...

#.........#.#.#
#.#####.###.#.#######
#.....#.....#.#.....#
###########.#######.#.....#
.........[..........#.†...#
..###.........#######.....####
..# #.........# #l..'........#
..# #.........###g###.....##.#
..# #.........'.@.###.....#
.{.
..###.........####........#
..{(g ......#########
#....##### ...l. #####.#
#....# ..... ....#.# #....#
...[. ###.#.# #....# .....
....#.# #....# #####.# #....
......#


You could see a gnoll and a giant newt.

Vanquished Creatures
  A gnoll (D:1)
  2 bats (D:1)
  2 goblins (D:1)
  3 hobgoblins (D:1)
  A giant newt (D:1)
  2 kobolds (D:1)
  5 rats (D:1)
16 creatures vanquished.

Notes
Turn   | Place    | Note
--------------------------------------------------------------
     0 | Abyss:1  | ThermosAquaticus the Formicid Abyssal Knight began the quest for the Orb.
     0 | Abyss:1  | Reached XP level 1. HP: 18/18 MP: 2/2
    48 | Abyss:1  | Noticed a large abomination
    48 | D:1      | Escaped the Abyss
    55 | D:1      | Reached XP level 2. HP: 10/24 MP: 1/3
   547 | D:1      | Reached * piety under Lugonu
   792 | D:1      | Reached XP level 3. HP: 26/29 MP: 4/4
  1088 | D:1      | Mangled by a gnoll

Vault maps used:
D:1:      elethiomel_arrival_shortcut

Action                   || total
-------------------------++-------
Melee: Hand axe          ||    59
Invok: Depart the Abyss  ||     1
  Eat: Chunk             ||     1
